 Dungeon Crawl Stone Soup version 0.22-a0-810-g93d1441 (webtiles) character file.

796 zishaf the Magician (level 7, -4/36 HPs)
             Began as a Deep Elf Fire Elementalist on July 22, 2018.
             Was a Follower of Vehumet.
             Killed from afar by an electric eel (10 damage)
             ... with a bolt of electricity
             ... on level 4 of the Dungeon.
             The game lasted 00:15:42 (4484 turns).

zishaf the Magician (Deep Elf Fire Elementalist)    Turns: 4484, Time: 00:15:43

Health: -4/36      AC:  6    Str:  5    XL:     7   Next: 58%
Magic:  25/27      EV: 15    Int: 22    God:    Vehumet [*.....]
Gold:   306        SH:  0    Dex: 15    Spells: 10/18 levels left

rFire    . . .     SeeInvis .   i - +11 plutonium sword {*Contam Stlth-}
rCold    . . .     Gourm    .   (shield currently unavailable)
rNeg     . . .     Faith    .   a - +0 robe
rPois    .         Spirit   .   o - +1 helmet
rElec    .         Reflect  .   m - +0 cloak
rCorr    .         Harm     .   l - +0 pair of gloves
MR       .....                  (no boots)
Stlth    ++........             (no amulet)
HPRegen  0.12/turn              C - ring of stealth
MPRegen  0.20/turn              u - ring of magical power

@: no status effects
A: no striking features
a: Renounce Religion


You were on level 4 of the Dungeon.
You worshipped Vehumet.
Vehumet was aware of your devotion.
You were very hungry.

You visited 1 branch of the dungeon, and saw 5 of its levels.
You also visited: Sewer.

You collected 306 gold pieces.

Inventory:

Hand Weapons
 i - the +11 plutonium sword (weapon) {*Contam Stlth-}
   (You found it on level 4 of the Dungeon)

   It causes magical contamination when unequipped.
   It makes you less stealthy.
Armour
 a - a +0 robe (worn)
 l - a +0 pair of gloves (worn)
 m - a +0 cloak (worn)
 o - a +1 helmet (worn)
 E - a +0 buckler of protection
Magical Staves
 D - an uncursed staff of energy
Jewellery
 u - a ring of magical power (right hand)
 C - a ring of stealth (left hand)
Wands
 n - a wand of flame (14)
Scrolls
 d - 3 scrolls of identify
 f - 2 scrolls of remove curse
 g - 4 scrolls of teleportation
 r - a scroll of fog {unknown}
 s - a scroll of blinking {unknown}
 t - a scroll of magic mapping {unknown}
 w - a scroll of immolation {unknown}
 x - a scroll of enchant armour {unknown}
 y - 2 scrolls of enchant weapon {unknown}
 A - a scroll of amnesia {unknown}
Potions
 b - 3 potions of flight {unknown}
 e - 2 potions of berserk rage {unknown}
 h - 3 potions of cancellation
 j - a potion of invisibility {unknown}
 k - a potion of agility {unknown}
 p - 2 potions of degeneration {unknown}
 q - 3 potions of curing {unknown}
 v - 3 potions of heal wounds {unknown}
 z - a potion of lignification {unknown}
Comestibles
 c - 9 rations


   Skills:
 * Level 0.9 Long Blades
 - Level 5.1 Dodging
 - Level 3.0 Stealth
 * Level 2.3 Shields
 + Level 6.2 Spellcasting
 - Level 4.0 Conjurations
 - Level 5.1 Fire Magic


You had 10 spell levels left.
You knew the following spells:

 Your Spells              Type           Power        Failure   Level  Hunger
a - Flame Tongue          Conj/Fire      ####.        1%          1    None
b - Throw Flame           Conj/Fire      ####..       1%          2    None
c - Fireball              Conj/Fire      ####......   36%         5    #####..

Your spell library contained the following spells:

 Spells                   Type           Power        Failure   Level  Hunger
 Conjure Flame            Conj/Fire      ####....     4%          3    #......
 Sticky Flame             Conj/Fire      ####....     14%         4    ###....
 Inner Flame              Hex/Fire       ###.....     10%         3    #......


Dungeon Overview and Level Annotations

Branches:
Dungeon (5/15)             Temple (0/1) D:4

Altars:
Dithmenos
Gozag
Sif Muna
Uskayaw
Vehumet
The Shining One

Annotations:
D:4 1 transporter, 3 runed doors, Eustachio; Tomodestructo's ghost, amateur DgCj


Message History

Aim: an electric eel The flame tongue misses the electric eel.
The electric eel is engulfed in a cloud of scalding steam.
The electric eel shoots out a bolt of lightning at you!
The bolt of electricity hits you!
Casting: Flame Tongue (safe; 1% risk of failure)
Confirm with . or Enter, or press ? or * to list all spells.
Aiming: Flame Tongue (safe; 1% risk of failure)
Press: ? - help, Shift-Dir - straight line, f/p - electric eel
Aim: an electric eel (steam, heavily wounded)
The flame tongue hits the electric eel.
You kill the electric eel!
Vehumet accepts your kill.
You feel your power returning.
The electric eel shoots out a bolt of lightning at you!
The bolt of electricity hits you!
* * * LOW HITPOINT WARNING * * *
The electric eel shoots out a bolt of lightning at you!
The bolt of electricity hits you!
You die...

.####### #.##.#;;≈≈≈#.# #5##.##
.......# #.##.#≈≈≈≈≈#.# #.#..##
.......# #.##.#≈≈PP≈#.# #5#.###
.......# #.##.#≈≈♣≈≈#.# #.#.###
.#.###.###.##.#≈≈≈;§#.# #......
.#.........##.#≈...§#.# ###5###
.#..##.##..##.#≈!..≈#.#### #.#
...###.##..##.###'###.##.## #§#
.⌠.# #..>.....#P@..P#.#...###.#
...######..##.#8.©.8#.........#
.......##..##.#######......@###
.>..⌠......##....©..(..#.##.#
..[...####...............##.#
...###.# ######.#.###..####.#
.⌠.# #.# #........####.#
...###.#### ########..>...#
##........# ########


You could see an electric eel.

Vanquished Creatures
  An ice beast (D:5)
  An ogre (D:5)
  A big kobold (Sewer)
  A scorpion (D:5)
  2 electric eels (D:4)
  A bullfrog skeleton (D:2)
  2 hounds
  2 orc wizards
  5 worker ants
  A gnoll (D:1)
  2 river rats
  3 adders
  2 oozes
  4 worms
  A dart slug (D:2)
  5 leopard geckos
  12 orcs
  3 bats
  A giant cockroach (D:1)
  5 goblins
  6 hobgoblins
  4 jackals
  9 kobolds
  4 quokkas
  A ball python (D:2)
  11 frilled lizards
  A giant cockroach zombie (D:5)
  A jackal zombie (D:5)
  8 rats
100 creatures vanquished.

Notes
Turn   | Place    | Note
-------+----------+-------------------------------------------
     0 | D:1      | zishaf the Deep Elf Fire Elementalist began the quest for the Orb.
     0 | D:1      | Reached XP level 1. HP: 10/10 MP: 6/6
   308 | D:1      | Reached XP level 2. HP: 15/15 MP: 4/8
   409 | D:1      | Learned a level 2 spell: Throw Flame
   638 | D:1      | Reached XP level 3. HP: 19/19 MP: 6/9
  1356 | D:2      | Reached XP level 4. HP: 24/24 MP: 2/11
  1574 | D:2      | Reached skill level 4 in Spellcasting
  1864 | D:3      | Reached XP level 5. HP: 28/28 MP: 11/13
  1866 | D:3      | Found a glowing golden altar of the Shining One.
  1869 | D:3      | Found a radiant altar of Vehumet.
  1872 | D:3      | Found a shadowy altar of Dithmenos.
  1879 | D:3      | Became a worshipper of Vehumet
  2489 | D:3      | Found an opulent altar of Gozag.
  2622 | D:4      | Found a deep blue altar of Sif Muna.
  2686 | D:4      | Found a staircase to the Ecumenical Temple.
  2726 | D:4      | Found a transporter.
  2737 | D:4      | Found a transporter.
  2796 | D:4      | Noticed Eustachio
  2824 | D:5      | Entered Level 5 of the Dungeon
  2832 | D:5      | Learned a level 5 spell: Fireball
  2832 | D:5      | Noticed an ogre
  2839 | D:5      | Killed an ogre
  2839 | D:5      | Reached XP level 6. HP: 21/32 MP: 14/15
  2843 | D:5      | Reached skill level 5 in Spellcasting
  3016 | D:5      | Noticed an ice beast
  3023 | D:5      | Killed an ice beast
  3023 | D:5      | Reached skill level 5 in Fire Magic
  3140 | D:5      | Found a glowing drain.
  3148 | Sewer    | Entered a sewer
  3373 | Sewer    | Reached * piety under Vehumet
  3373 | Sewer    | Offered knowledge of Magic Dart by Vehumet.
  3373 | Sewer    | Reached skill level 5 in Dodging
  3373 | Sewer    | Reached XP level 7. HP: 22/36 MP: 15/17
  3492 | Sewer    | Found a white marble altar of Elyvilon.
  3566 | D:5      | Reached skill level 1 in Shields
  3569 | D:5      | Found a hide-covered altar of Uskayaw.
  3573 | D:5      | Noticed a dagger
  3574 | D:5      | Noticed a dagger
  3729 | D:5      | Reached skill level 6 in Spellcasting
  4171 | D:4      | Found a runed gate.
  4172 | D:4      | Noticed Tomodestructo's ghost (amateur DgCj)
  4174 | D:4      | Found a runed gate.
  4174 | D:4      | Found a runed gate.
  4316 | D:4      | Found the +11 plutonium sword {*Contam Stlth-}
  4484 | D:4      | Killed from afar by an electric eel

Vault maps used:
D:1:      dpeg_arrival_long_road
D:2:      minmay_tetromino_i4
D:3:      grunt_temple_overflow_diamond, grunt_gozag_statues
D:4:      gammafunk_steamed_eel, minmay_temple_entry_junction, first_ration,
          gammafunk_ghost_nasty_kobolds, grunt_decor_arrowhead,
          lemuel_blue_sif_altar, uniq_eustachio
D:5:      lemuel_ice_spiral_2, dancing_weapons_uskayaw,
          lightli_sewer_entry_pipes
Sewer:    sewer_kobolds

Skill      XL: |  1  2  3  4  5  6  7 |
---------------+----------------------+-----
Stealth        | 3 |  3.0
Dodging        | 3 4 5 |  5.1
Conjurations   | 2 3 4 |  4.0
Fire Magic     | 4 5 |  5.1
Spellcasting   | 4 5 6 |  6.2
Shields        | 2 |  2.3
Long Blades    | |  0.9

Action                   |  1- 3 |  4- 6 |  7- 9 || total
-------------------------+-------+-------+-------++-------
 Cast: Flame Tongue      |    30 |    55 |    22 ||   107
       Throw Flame       |    31 |    49 |     5 ||    85
       Fireball          |       |       |     1 ||     1
  Use: Scroll            |       |     2 |     1 ||     3
  Eat: Chunk             |     2 |     7 |     2 ||    11
Armor: Robe              |       |     3 |       ||     3
Dodge: Dodged            |     2 |     4 |     3 ||     9
Block: Buckler           |       |       |     1 ||     1

Table legend:
 A = Spawn XP
 B = Non-spawn XP
 C = Spawn XP percentage of total XP
 D = Spawn monster count
 E = Non-spawn monster count
 F = Spawn count percentage of total count
 G = Total turns spent on level
                    A         B        C        D         E        F      G
               +---------+---------+-------+---------+---------+-------+---------
         Total |       0 |    1138 |   0.0 |       0 |     100 |   0.0 |  4484
               +---------+---------+-------+---------+---------+-------+---------
           D:1 |       0 |      44 |   0.0 |       0 |      15 |   0.0 |   706
           D:2 |       0 |      98 |   0.0 |       0 |      24 |   0.0 |  1108
           D:3 |       0 |      98 |   0.0 |       0 |      25 |   0.0 |   772
           D:4 |       0 |     190 |   0.0 |       0 |       6 |   0.0 |   670
           D:5 |       0 |     583 |   0.0 |       0 |      19 |   0.0 |   841
         Sewer |       0 |     125 |   0.0 |       0 |      11 |   0.0 |   387
               +---------+---------+-------+---------+---------+-------+---------
